 Dungeon Crawl Stone Soup version 0.28.0 (webtiles) character file.

Game seed: 566867263520428169

8 sanka the Magician (level 2, -2/16 HPs)
             Began as a Deep Elf Transmuter on Feb 10, 2022.
             Slain by a gnoll (4 damage)
             ... on level 1 of the Dungeon.
             The game lasted 00:00:50 (346 turns).

sanka the Magician (Deep Elf Transmuter)             Turns: 346, Time: 00:00:50

Health: -2/16      AC:  2    Str:  7    XL:     2   Next: 0%
Magic:  6/8        EV: 12    Int: 17    God:
Gold:   7          SH:  0    Dex: 15    Spells: 6/7 levels left

rFire   . . .      SeeInvis .     - Unarmed
rCold   . . .      Faith    .   (no shield)
rNeg    . . .      Spirit   .   a - +0 robe
rPois   .          Reflect  .   (helmet currently unavailable)
rElec   .          Harm     .   (no cloak)
rCorr   .          Rampage  .   (no gloves)
Will    .....                   (boots currently unavailable)
Stlth   +.........              (no amulet)
HPRegen 0.05/turn               (no ring)
MPRegen 0.11/turn               (no ring)

@: appendages
A: horns 2, talons 2
a: End Transformation


You were on level 1 of the Dungeon.
You had temporarily grown beastly horns and talons.
You visited 1 branch of the dungeon, and saw 1 of its levels.

You collected 7 gold pieces.

Inventory:

Armour
 a - a +0 robe (worn)
Jewellery
 d - a +4 ring of evasion
Scrolls
 b - a scroll of identify {unknown}
 c - a scroll of immolation {unknown}


   Skills:
 - Level 0.7 Fighting
 - Level 2.4 Dodging
 - Level 2.4 Unarmed Combat
 - Level 3.0 Spellcasting
 + Level 2.6 Transmutations
 + Level 1.2 Poison Magic


You had 6 spell levels left.
You knew the following spells:

 Your Spells              Type           Power      Damage    Failure   Level
a - Beastly Appendage     Tmut           22%        N/A       6%          1

Your spell library contained the following spells:

 Spells                   Type           Power      Damage    Failure   Level
 Wereblood                Tmut           11%        N/A       9%          2
 Spider Form              Tmut/Pois      9%         N/A       24%         3
 Ice Form                 Ice/Tmut       7%         N/A       71%         4


Dungeon Overview and Level Annotations

Branches:
Dungeon (1/15)

Altars:


Innate Abilities, Weirdness & Mutations

You have temporarily grown beastly horns and talons.


Message History

The giant cockroach barely misses you.
You hit the giant cockroach but do no damage.
You headbutt the giant cockroach.
You kill the giant cockroach!
Your Poison Magic skill increases to level 1!
No target in view!
You start resting.
Your transformation is almost over.
Your horns disappear.
Your talons disappear.
HP restored.
c - a scroll labelled MABETO VEKHARI You now have 7 gold pieces.
Found a spear.
You see here a +0 spear.
d - a +4 ring of evasion A gnoll and a bat come into view.
The gnoll shouts!
You grow a pair of large bovine horns.
Your feet morph into talons.
The bat hits you but does no damage.
You closely miss the bat. Your kick misses the bat.
Your headbutt misses the bat. The bat misses you.
You hit the bat.
The bat is heavily wounded.
The bat closely misses you.
You hit the bat.
You kill the bat!
You have reached level 2!
Unknown command.
You hit the gnoll. You punch the gnoll.
The gnoll is moderately wounded.
The gnoll hits you with a +0 club!
You hit the gnoll. Your kick misses the gnoll.
The gnoll is heavily wounded.
The gnoll hits you with a +0 club!
* * * LOW HITPOINT WARNING * * *
Unknown command.
You hit the gnoll.
The gnoll is heavily wounded.
The gnoll hits you with a +0 club.
You die...

#.#.#.##.#.........8######....
#.#......#......8..## #....
#.###.####.........# #....
#......# #.........# #....
#..#########..#8.8## #....
#.............##### #.†..
#..############ #.... #...
......g.# ##########.###
#.###########@# #..........#
..............# #.##########
##.##########..###.# #.
#.)....# #.###### #.# #.# ..#
###


You could see a gnoll.

Vanquished Creatures
  2 giant cockroaches (D:1)
  A goblin (D:1)
  A kobold (D:1)
  2 bats (D:1)
  A rat (D:1)
7 creatures vanquished.

Notes
Turn   | Place    | Note
-------+----------+-------------------------------------------
     0 | D:1      | sanka the Deep Elf Transmuter began the quest for the Orb.
     0 | D:1      | Reached XP level 1. HP: 11/11 MP: 6/6
   228 | D:1      | Reached skill level 1 in Poison Magic
   344 | D:1      | Reached XP level 2. HP: 16/16 MP: 6/8
   346 | D:1      | Slain by a gnoll

Illustrated notes

Levels and vault maps discovered:
D:1:      mrwooster_arrival_statue_2, layout_basic,
          ebering_ecumenical_altar_petrified, chequers_serial_rivers_small_3

Skill      XL: |  1 |
---------------+----+-----
Poison Magic   | 1 |  1.2
Fighting       | |  0.7
Dodging        | |  2.4
Unarmed Combat | |  2.4
Spellcasting   | |  3.0
Transmutations | |  2.6

Action                   || total
-------------------------++-------
Melee: Unarmed           ||    26
       Kick              ||     3
       Headbutt          ||     3
       Punch             ||     3
 Cast: Beastly Appendage ||     6
Armor: Robe              ||     6
Dodge: Dodged            ||    10
